TOP OF THE 1ST |
State College Spikes batting - Pitching for Rome Braves : LHP Tommy Hall
|
Pitching: LHP Tommy Hall
|
|
Batting: RHB Fortunato Fteira
|
0-0: Ball 1-0: Ball 2-0: Called Strike 2-1: Ground out 6-3 (Groundball, 6, EV 79.4 MPH)
|
Batting: RHB Mike Zimmerly
|
0-0: Called Strike 0-1: Ball 1-1: SINGLE (Line Drive, 34, EV 99.4 MPH)
|
Batting: RHB Josh Martin
|
0-0: Ball 1-0: Foul Ball, location: 2F 1-1: Foul Ball, location: 2F 1-2: Ball 2-2: Ground out 3-1 (Groundball, 34S, EV 76.9 MPH) Mike Zimmerly to second
|
Batting: RHB Jose Jimenez
|
0-0: Foul Ball, location: 2F 0-1: Called Strike 0-2: Ball 1-2: Strikes out swinging
|
Top of the 1st over - 0 runs, 1 hit, 0 errors, 1 left on base; State College 0 - Rome 0 |
BOTTOM OF THE 1ST |
Rome Braves batting - Pitching for State College Spikes : RHP Danny Cook
|
Pitching: RHP Danny Cook
|
|
Batting: LHB Robby Dann
|
0-0: Foul Ball, location: 2F 0-1: Ball 1-1: Foul Ball, location: 2F 1-2: Strikes out looking
|
Batting: RHB Joe Young
|
0-0: Ball 1-0: Ball 2-0: Ball 3-0: Base on Balls
|
Batting: LHB Mike Tenorio
|
0-0: Called Strike 0-1: Ball 1-1: Called Strike Joe Young steals 2nd base 1-2: Ball 2-2: Ball 3-2: Base on Balls
|
Batting: RHB Jose Ramos
|
0-0: Ball Joe Young steals 3rd base Mike Tenorio to second 1-0: Foul Ball, location: 2F 1-1: Foul Ball, location: 2F 1-2: Foul Ball, location: 2F 1-2: Foul Ball, location: 2F 1-2: Strikes out looking
|
Batting: LHB Javier Rubio
|
0-0: Ball 1-0: Ground out 6-3 (Groundball, 6S, EV 66.2 MPH)
|
Bottom of the 1st over - 0 runs, 0 hits, 0 errors, 2 left on base; State College 0 - Rome 0 |
TOP OF THE 2ND |
State College Spikes batting - Pitching for Rome Braves : LHP Tommy Hall
|
Batting: RHB Josh Broome
|
0-0: Called Strike 0-1: TRIPLE (Line Drive, 9LD, EV 114.4 MPH)
|
Batting: RHB Tyler Walker
|
0-0: Ball 1-0: Called Strike 1-1: Foul Ball, location: 2F 1-2: Ball 2-2: Foul Ball, location: 2F 2-2: Foul Ball, location: 2F 2-2: Ball 3-2: Strikes out swinging
|
Batting: RHB Tim Cleary
|
0-0: Ball 1-0: Foul Ball, location: 2F 1-1: Swinging Strike 1-2: Ball 2-2: Strikes out swinging
|
Batting: RHB Vic Nelson
|
0-0: Called Strike 0-1: Ground out 5-3 (Groundball, 56, EV 89.4 MPH)
|
Top of the 2nd over - 0 runs, 1 hit, 0 errors, 1 left on base; State College 0 - Rome 0 |
BOTTOM OF THE 2ND |
Rome Braves batting - Pitching for State College Spikes : RHP Danny Cook
|
Batting: SHB Jordan Barragan
|
0-0: Ball 1-0: Ball 2-0: Foul Ball, location: 2F 2-1: SINGLE (Groundball, 3S, EV 65.6 MPH) (infield hit)
|
Batting: LHB Joe Phillips
|
0-0: Ball 1-0: SINGLE (Groundball, 4D, EV 94.4 MPH) Jordan Barragan to second Runner from 2nd tries for 3rd, SAFE, throw by CF made to third
|
Batting: RHB Andy Cunningham
|
0-0: Ball 1-0: Foul Ball, location: 2F 1-1: Ball 2-1: Foul Ball, location: 2F 2-2: Ball 3-2: DOUBLE (Line Drive, 9LS, EV 105.0 MPH) Jordan Barragan scores Joe Phillips to third
|
Batting: RHB Peter Wheeler
|
0-0: Called Strike 0-1: Called Strike 0-2: Ball 1-2: Ball Wild Pitch! Joe Phillips scores Andy Cunningham to third 2-2: Strikes out swinging
|
Batting: LHB Robby Dann
|
0-0: Called Strike 0-1: Ball 1-1: Ball 2-1: Fly out, F5 (Popup, 5SF, EV 74.4 MPH)
|
Batting: RHB Joe Young
|
0-0: Ball 1-0: Foul Ball, location: 2F 1-1: Foul Ball, location: 2F 1-2: Ball 2-2: Ball 3-2: Foul Ball, location: 2F 3-2: Strikes out swinging
|
Bottom of the 2nd over - 2 runs, 3 hits, 0 errors, 1 left on base; State College 0 - Rome 2 |
TOP OF THE 3RD |
State College Spikes batting - Pitching for Rome Braves : LHP Tommy Hall
|
Batting: RHB Ray Souza
|
0-0: Reached on error, E5 (Groundball, 56, EV 89.4 MPH)
|
Batting: RHB Fortunato Fteira
|
0-0: Called Strike 0-1: Ball 1-1: Ball 2-1: Fly out, F8 (Flyball, 89XD, EV 102.5 MPH)
|
Batting: RHB Mike Zimmerly
|
0-0: Ball 1-0: SINGLE (Groundball, 6D, EV 95.0 MPH) Ray Souza to second
|
Batting: RHB Josh Martin
|
0-0: Ball 1-0: Ball 2-0: Called Strike 2-1: Grounds into double play, 6-4-3 (Groundball, 6, EV 82.5 MPH)
|
Top of the 3rd over - 0 runs, 1 hit, 1 error, 1 left on base; State College 0 - Rome 2 |
BOTTOM OF THE 3RD |
Rome Braves batting - Pitching for State College Spikes : RHP Danny Cook
|
Batting: LHB Mike Tenorio
|
0-0: Foul Ball, location: 2F 0-1: Foul Ball, location: 2F 0-2: Hit by Pitch
|
Batting: RHB Jose Ramos
|
0-0: Ball 1-0: Fielders Choice at 2nd, 4-6 (Groundball, 4, EV 110.0 MPH)
|
Batting: LHB Javier Rubio
|
0-0: Ball 1-0: Ball 2-0: Called Strike 2-1: Foul Ball, location: 2F 2-2: Fielders Choice at 2nd, 4-6 (Groundball, 34, EV 83.8 MPH)
|
Batting: SHB Jordan Barragan
|
0-0: Ball 1-0: Called Strike 1-1: Ball 2-1: Ball 3-1: Base on Balls Javier Rubio to second
|
Batting: LHB Joe Phillips
|
0-0: Called Strike Javier Rubio steals 3rd, throwing error, E2 Javier Rubio scores Jordan Barragan to third 0-1: Fly out, F5 (Popup, 5SF, EV 73.8 MPH)
|
Bottom of the 3rd over - 1 run, 0 hits, 1 error, 1 left on base; State College 0 - Rome 3 |
TOP OF THE 4TH |
State College Spikes batting - Pitching for Rome Braves : LHP Tommy Hall
|
Batting: RHB Jose Jimenez
|
0-0: Called Strike 0-1: Foul Ball, location: 2F 0-2: Strikes out swinging
|
Batting: RHB Josh Broome
|
0-0: Ball 1-0: Ground out 6-3 (Groundball, 6, EV 85.6 MPH)
|
Batting: RHB Tyler Walker
|
0-0: Called Strike 0-1: Ball 1-1: Foul Ball, location: 2F 1-2: Ball 2-2: Ball 3-2: Foul Ball, location: 2F 3-2: DOUBLE (Groundball, 5L, EV 105.6 MPH)
|
Batting: RHB Tim Cleary
|
0-0: Called Strike 0-1: Ball 1-1: Ball 2-1: Called Strike 2-2: SINGLE (Groundball, 4MD, EV 101.2 MPH) Tyler Walker to third Runner from 3rd tries for Home, SAFE, throw by CF to home
|
Batting: RHB Vic Nelson
|
0-0: Hit by Pitch Tim Cleary to second
|
Batting: RHB Ray Souza
|
0-0: Ball 1-0: Swinging Strike 1-1: Called Strike 1-2: Strikes out swinging
|
Top of the 4th over - 1 run, 2 hits, 0 errors, 2 left on base; State College 1 - Rome 3 |
BOTTOM OF THE 4TH |
Rome Braves batting - Pitching for State College Spikes : RHP Danny Cook
|
Batting: RHB Andy Cunningham
|
0-0: Called Strike 0-1: Ball 1-1: SINGLE (Groundball, 4MD, EV 104.4 MPH)
|
Batting: RHB Peter Wheeler
|
0-0: Ball Andy Cunningham steals 2nd base (no throw) 1-0: Ground out 5-3 (Groundball, 56, EV 101.9 MPH)
|
Batting: LHB Robby Dann
|
0-0: Ball Andy Cunningham steals 3rd base (no throw) 1-0: Ball 2-0: Fly out, F9 (Flyball, 89D, EV 86.2 MPH)
|
Pitching: RHP Joe Cornell
|
|
Batting: RHB Joe Young
|
0-0: Ball 1-0: Swinging Strike 1-1: Swinging Strike 1-2: Ball 2-2: Foul Ball, location: 2F 2-2: Strikes out swinging
|
Bottom of the 4th over - 0 runs, 1 hit, 0 errors, 1 left on base; State College 1 - Rome 3 |
TOP OF THE 5TH |
State College Spikes batting - Pitching for Rome Braves : LHP Tommy Hall
|
Batting: RHB Fortunato Fteira
|
0-0: Ball 1-0: Foul Ball, location: 2F 1-1: Fly out, F8 (Flyball, 89D, EV 90.6 MPH)
|
Batting: RHB Mike Zimmerly
|
0-0: Called Strike 0-1: SINGLE (Groundball, 6MD, EV 105.0 MPH)
|
Batting: RHB Josh Martin
|
0-0: Called Strike 0-1: Ball 1-1: Fly out, F1 (Line Drive, P, EV 73.8 MPH)
|
Batting: RHB Jose Jimenez
|
0-0: Swinging Strike 0-1: Swinging Strike 0-2: Strikes out swinging
|
Top of the 5th over - 0 runs, 1 hit, 0 errors, 1 left on base; State College 1 - Rome 3 |
BOTTOM OF THE 5TH |
Rome Braves batting - Pitching for State College Spikes : RHP Joe Cornell
|
Batting: LHB Mike Tenorio
|
0-0: Ground out 4-3 (Groundball, 4M, EV 76.9 MPH)
|
Batting: RHB Tim Molchan
|
0-0: Foul Ball, location: 2F 0-1: DOUBLE (Line Drive, 9LM, EV 98.1 MPH)
|
Batting: LHB Javier Rubio
|
0-0: TRIPLE (Flyball, 89XD, EV 112.5 MPH) Tim Molchan scores
|
Batting: SHB Jordan Barragan
|
0-0: Fly out, F7 (Flyball, 78D, EV 92.5 MPH) Runner from 3rd tags up, SCORES, throw by LF
|
Batting: LHB Joe Phillips
|
0-0: Ball 1-0: Ball 2-0: Ball 3-0: Called Strike 3-1: Base on Balls
|
Batting: RHB Andy Cunningham
|
0-0: Ball Joe Phillips steals 2nd base 1-0: Called Strike 1-1: Ball 2-1: Foul Ball, location: 2F 2-2: Fly out, F9 (Flyball, 89D, EV 95.6 MPH)
|
Bottom of the 5th over - 2 runs, 2 hits, 0 errors, 1 left on base; State College 1 - Rome 5 |
TOP OF THE 6TH |
State College Spikes batting - Pitching for Rome Braves : LHP Tommy Hall
|
Batting: RHB Josh Broome
|
0-0: Ball 1-0: Ball 2-0: Fly out, F9 (Line Drive, 9S, EV 93.1 MPH)
|
Batting: RHB Tyler Walker
|
0-0: Fly out, F8 (Flyball, 8LD, EV 96.2 MPH)
|
Batting: RHB Tim Cleary
|
0-0: Swinging Strike 0-1: Fly out, F6 (Flyball, 56D, EV 90.6 MPH)
|
Top of the 6th over - 0 runs, 0 hits, 0 errors, 0 left on base; State College 1 - Rome 5 |
BOTTOM OF THE 6TH |
Rome Braves batting - Pitching for State College Spikes : RHP Joe Cornell
|
Batting: RHB Peter Wheeler
|
0-0: Ball 1-0: Ball 2-0: Called Strike 2-1: Swinging Strike 2-2: Foul Ball, location: 2F 2-2: Strikes out looking
|
Batting: LHB Robby Dann
|
0-0: Ball 1-0: Ground out 4-3 (Groundball, 34D, EV 101.2 MPH)
|
Batting: RHB Joe Young
|
0-0: Foul Ball, location: 2F 0-1: Foul Ball, location: 2F 0-2: Ball 1-2: Ball 2-2: Ball 3-2: Foul Ball, location: 2F 3-2: Strikes out swinging
|
Bottom of the 6th over - 0 runs, 0 hits, 0 errors, 0 left on base; State College 1 - Rome 5 |
TOP OF THE 7TH |
State College Spikes batting - Pitching for Rome Braves : LHP Tommy Hall
|
Batting: RHB Vic Nelson
|
0-0: Ball 1-0: Ground out 4-3 (Groundball, 4M, EV 101.2 MPH)
|
Batting: RHB Ray Souza
|
0-0: Ball 1-0: Called Strike 1-1: Ground out U3 (Groundball, 34, EV 90.6 MPH)
|
Batting: RHB Fortunato Fteira
|
0-0: Ball 1-0: Ball 2-0: Foul Ball, location: 2F 2-1: Swinging Strike 2-2: Ball 3-2: Strikes out swinging
|
Top of the 7th over - 0 runs, 0 hits, 0 errors, 0 left on base; State College 1 - Rome 5 |
BOTTOM OF THE 7TH |
Rome Braves batting - Pitching for State College Spikes : RHP Joe Cornell
|
Pitching: LHP Kevin Turner
|
|
Batting: LHB Mike Tenorio
|
0-0: SINGLE (Groundball, 6D, EV 95.0 MPH)
|
Batting: RHB Tim Molchan
|
0-0: Called Strike 0-1: Called Strike 0-2: Ball 1-2: Foul Ball, location: 2F 1-2: Ball 2-2: Strikes out swinging
|
Batting: LHB Javier Rubio
|
0-0: Ball 1-0: Called Strike 1-1: Swinging Strike 1-2: Foul Ball, location: 2F 1-2: Ball 2-2: Ball 3-2: Strikes out looking
|
Batting: SHB Jordan Barragan
|
0-0: Ball 1-0: Fly out, F8 (Line Drive, 8LD, EV 96.9 MPH)
|
Bottom of the 7th over - 0 runs, 1 hit, 0 errors, 1 left on base; State College 1 - Rome 5 |
TOP OF THE 8TH |
State College Spikes batting - Pitching for Rome Braves : LHP Tommy Hall
|
Batting: RHB Mike Zimmerly
|
0-0: Called Strike 0-1: Ball 1-1: Ground out 4-3 (Groundball, 4M, EV 81.2 MPH)
|
Batting: RHB Josh Martin
|
0-0: Called Strike 0-1: Ball 1-1: SINGLE (Groundball, 25, EV 71.2 MPH) (infield hit)
|
Batting: RHB Jose Jimenez
|
0-0: Called Strike 0-1: Called Strike 0-2: Foul Ball, location: 2F 0-2: Ground out 4-3 (Groundball, 4M, EV 101.9 MPH) Josh Martin to second
|
Batting: RHB Josh Broome
|
0-0: Ground out 6-3 (Groundball, 56, EV 86.2 MPH)
|
Top of the 8th over - 0 runs, 1 hit, 0 errors, 1 left on base; State College 1 - Rome 5 |
BOTTOM OF THE 8TH |
Rome Braves batting - Pitching for State College Spikes : LHP Kevin Turner
|
Batting: LHB Joe Phillips
|
0-0: Ball 1-0: Ball 2-0: Foul Ball, location: 2F 2-1: Ball 3-1: Foul Ball, location: 2F 3-2: Ground out U3 (Groundball, 3L, EV 86.9 MPH)
|
Batting: RHB Andy Cunningham
|
0-0: Ball 1-0: Foul Ball, location: 2F 1-1: Ball 2-1: Foul Ball, location: 2F 2-2: Foul Ball, location: 2F 2-2: Strikes out looking
|
Batting: RHB Peter Wheeler
|
0-0: Called Strike 0-1: Ball 1-1: Ball 2-1: Called Strike 2-2: SINGLE (Groundball, 6MD, EV 96.2 MPH)
|
Batting: LHB Robby Dann
|
0-0: Ball 1-0: Called Strike 1-1: Foul Ball, location: 2F 1-2: Foul Ball, location: 2F 1-2: Ball 2-2: Ball 3-2: Ground out 1-3 (Groundball, 13S, EV 74.4 MPH)
|
Bottom of the 8th over - 0 runs, 1 hit, 0 errors, 1 left on base; State College 1 - Rome 5 |
TOP OF THE 9TH |
State College Spikes batting - Pitching for Rome Braves : LHP Tommy Hall
|
Batting: RHB Tyler Walker
|
0-0: Called Strike 0-1: Ball 1-1: Foul Ball, location: 2F 1-2: Strikes out swinging
|
Batting: RHB Tim Cleary
|
0-0: Ball 1-0: Foul Ball, location: 2F 1-1: Foul Ball, location: 2F 1-2: Foul Ball, location: 2F 1-2: Ball 2-2: Foul Ball, location: 2F 2-2: DOUBLE (Groundball, 5L, EV 103.1 MPH)
|
Pitching: RHP Nikita Eliseenko
|
|
Batting: RHB Vic Nelson
|
0-0: Ball 1-0: Ground out 6-3 (Groundball, 6, EV 82.5 MPH) Tim Cleary to third
|
Batting: RHB Ray Souza
|
0-0: Ball 1-0: Ball Wild Pitch! Tim Cleary scores 2-0: Called Strike 2-1: Ball 3-1: Swinging Strike 3-2: Strikes out swinging
|
Top of the 9th over - 1 run, 1 hit, 0 errors, 0 left on base; State College 2 - Rome 5 |
|